 Dungeon Crawl Stone Soup version 0.29.1-15-g9cfb28693d (webtiles) character file.

Game seed: 11526387907189107753

136 Sanktem7 the Trooper (level 4, -4/42 HPs)
             Began as a Minotaur Fighter on Mar 8, 2023.
             Slain by a gnoll
             ... wielding a +0 flail
             ... led by a gnoll bouda
              (7 damage)
             ... on level 3 of the Dungeon.
             The game lasted 00:02:48 (1741 turns).

Sanktem7 the Trooper (Minotaur Fighter)             Turns: 1741, Time: 00:02:48

Health: -4/42      AC:  7    Str: 22    XL:     4   Next: 98%
Magic:  3/3        EV:  9    Int:  5    God:
Gold:   25         SH:  4    Dex: 10    Spells: 3/3 levels left

rFire   . . .      SeeInvis .   a - +0 war axe {axe}
rCold   . . .      Faith    .   c - +0 buckler
rNeg    . . .      Spirit   .   b - +0 scale mail
rPois   .          Reflect  .   (helmet restricted)
rElec   .          Harm     .   (no cloak)
rCorr   .          Rampage  .   (no gloves)
Will    .....                   (no boots)
Stlth   ..........              (no amulet)
HPRegen 0.14/turn               (no ring)
MPRegen 0.08/turn               (no ring)

@: no status effects
A: horns 2, retaliatory headbutt
a: no special abilities


You were on level 3 of the Dungeon.
You visited 1 branch of the dungeon, and saw 3 of its levels.

You collected 25 gold pieces.


Innate Abilities, Weirdness & Mutations

You have a pair of horns on your head.
You reflexively headbutt those who attack you in melee.


   Skills:
 * Level 5.2 Fighting
 * Level 4.4 Axes
 + Level 4.4 Armour
 - Level 3.6 Shields


You had 3 spell levels left.
You didn't know any spells.
Your spell library was empty.

Inventory:

Hand Weapons
 a - a +0 war axe (weapon) {axe}
Missiles
 k - 17 stones (quivered) {throwing}
 l - 2 poisoned darts {throwing}
Armour
 b - a +0 scale mail (worn)
 c - a +0 buckler (worn)
Jewellery
 e - a ring of willpower
   (You found it on level 1 of the Dungeon)
Scrolls
 g - a scroll of blinking {unknown}
 h - a scroll of teleportation {unknown}
 m - a scroll of poison {unknown}
 o - a scroll of fear {unknown}
Potions
 d - 3 potions of might
 f - a potion of heal wounds {unknown}
 i - a potion of cancellation {unknown}
 j - a potion of curing {unknown}
 n - a potion of ambrosia {unknown}

Dungeon Overview and Level Annotations

Branches:
Dungeon (3/15) Zot: 16209

Altars:

Shops:
D:2

( ..# ... ## #.# #.
... . #.# .#
##.######. #.
#.....Sg.g #. #.@g#
#.########.g#.# #.
#.<.....##g#.#.#.#.
#######.##.##.#(#.#
#.##)# #:⌠$#
#.##.##.#)#.#
#.##)#.#.#.#.
#.##..#.# #.
#.##[..#####.


You could see 5 gnolls and a ball python.


Message History

an adder corpse; a jackal corpse You barely miss the bat.
You block the bat's attack. The adder completely misses you.
The adder attacks as you move away! The adder barely misses you.
The bat hits you.
* * * LOW HITPOINT WARNING * * *
😨 HP[-1]
You take 1 damage, and now have 20/41 hp.
You closely miss the bat. You headbutt the bat. You barely miss the adder.
The bat hits you but does no damage. x2; The adder bites you.
* * * LOW HITPOINT WARNING * * *
The adder bites you but does no damage. 😨 HP[-3]
You take 3 damage, and now have 17/41 hp.
You closely miss the bat. You closely miss the adder.
You block the bat's attack.
The adder bites you but does no damage. x2
You barely miss the bat. You hit the adder. The bat closely misses you.
You block the adder's attack.
The bat hits you but does no damage. 😨 HP[+1]
You block the bat's attack. The adder closely misses you.
The adder barely misses you. The bat closely misses you.
You hit the bat.
You kill the bat!
You hit the adder. You block the adder's attack.
The adder completely misses you. You furiously retaliate!
You headbutt the adder!
You kill the adder!
Your Fighting skill increases to level 5!
You now have 42 max hp (+1).
You hear the slow rusting of a very distant drain.
You hear the slow rusting of a very distant drain.
A kobold comes into view. It is wielding a +0 war axe. 😕 HP[+14]
You regained 14 hp, and now have 32/42 hp.
The kobold shouts!
You hear a shout!
A gnoll bouda comes into view. It is wielding a +0 whip.
The gnoll bouda shouts!
You hear a shout! x2
The kobold hits you with a +0 war axe!
Things that are here:
an adder corpse; a jackal corpse; 😮 HP[-8]
You take 8 damage, and now have 24/42 hp.
You closely miss the kobold. You headbutt the kobold.
You kill the kobold! 😮 HP[+1]
Things that are here:
a +0 war axe {axe}; a +0 robe; a kobold corpse The gnoll bouda gazes fiercely through you!
You feel your attacks grow feeble.
An orc comes into view. It is wielding a +0 club.
You see here a +0 robe.
The orc shouts!
You hit the orc but do no damage. You headbutt the orc!
You kill the orc!
You hit the gnoll bouda but do no damage.
The gnoll bouda hits you with a +0 whip!
* * * LOW HITPOINT WARNING * * *
You block the gnoll bouda's attack. 😨 HP[-9]
You take 9 damage, and now have 16/42 hp.
MASSIVE DAMAGE!! (PAUSE)
You barely miss the gnoll bouda.
The gnoll bouda barely misses you. 😨 HP[+1]
You hit the gnoll bouda. Your headbutt misses the gnoll bouda.
You hear the slow rusting of a very distant drain.
Your attacks no longer feel as feeble.
The gnoll bouda hits you with a +0 whip.
* * * LOW HITPOINT WARNING * * *
😨 HP[-3]
You take 3 damage, and now have 14/42 hp.
You slash the gnoll bouda! You headbutt the gnoll bouda.
You kill the gnoll bouda!
You hear a shout! x4
You hear an angry hiss.
You hear a shout!
Things that are here:
a +0 club {mace}; a +0 chain mail; an orc corpse A gnoll comes into view.
It is wielding a +0 halberd.
An orc comes into view. It is wielding a +0 short sword.
The orc shouts!
You hear a shout! 2 gnolls come into view.
The gnoll shouts! x2; You hear a shout! 😨 HP[+1]
A gnoll comes into view. It is wielding a +0 flail.
The orc hits you with a +0 short sword.
* * * LOW HITPOINT WARNING * * *
😨 HP[-4]
You take 4 damage, and now have 11/42 hp.
You slash the orc!
You kill the orc!
You closely miss the gnoll.
A ball python comes into view.
The gnoll drinks a potion.
The gnoll seems to speed up.
The gnoll hits you but does no damage.
You closely miss the gnoll. You block the gnoll's attack.
A gnoll comes into view. It is wielding a +0 spear.
The gnoll hits you from afar with a +0 halberd!
* * * LOW HITPOINT WARNING * * *
The gnoll hits you with a +0 flail!
You die...

Skill      XL: |  1  2  3  4 |
---------------+-------------+-----
Fighting       | 4 5 |  5.2
Axes           | 3 4 |  4.4
Armour         | 4 |  4.4
Shields        | |  3.6

Action                   |  1- 3 |  4- 6 || total
-------------------------+-------+-------++-------
Melee: War axe           |   103 |    26 ||   129
       Headbutt          |    10 |     6 ||    16
Armor: Scale mail        |    71 |    21 ||    92
Dodge: Dodged            |    48 |    16 ||    64
Block: Buckler           |    27 |    10 ||    37

Levels and vault maps discovered:
D:1:      amcnicky_arrival_underground_garden, layout_basic, serial_forest,
          infiniplex_forest_3_way, infiniplex_forest_clump_diagonal,
          infiniplex_forest_straight_4, infiniplex_forest_straight_2,
          infiniplex_forest_fountain
D:2:      layout_loops_ring, shapermc_ecumenical_altar_petra, serial_shops,
          shop_fountains, minmay_between
D:3:      layout_loops_ring, elyvilon_altar_4, cheibrodos_sewer_entry_bend,
          ebering_ghost_rock_garden, minmay_circle_x

Notes
Turn   | Place    | Note
-------+----------+-------------------------------------------
     0 | D:1      | Sanktem7 the Minotaur Fighter began the quest for the Orb.
     0 | D:1      | Reached XP level 1. HP: 19/19 MP: 0/0
     0 | D:1      | magus.rc [v1.9.6]
   188 | D:1      | Reached XP level 2. HP: 27/27 MP: 1/1
   192 | D:1      | Reached skill level 4 in Fighting
   203 | D:1      | Reached skill level 3 in Axes
   558 | D:1      | You fall into a shaft and drop 1 floor!
   623 | D:1      | Reached XP level 3. HP: 33/33 MP: 2/2
   688 | D:1      | Reached skill level 4 in Armour
  1183 | D:2      | Reached XP level 4. HP: 41/41 MP: 3/3
  1195 | D:2      | Identified the +6 dagger of the End of Times {freeze, *Rage
                  | Fly rN++ Str+3}
  1289 | D:2      | Found Niame's Antique Weapon Emporium.
  1328 | D:2      | Found a faded altar of an unknown god.
  1609 | D:3      | Reached skill level 4 in Axes
  1625 | D:3      | Reached skill level 5 in Fighting
  1741 | D:3      | HP: 3/42 [gnoll/+0 halberd[a gnoll bouda] (8)]
  1741 | D:3      | Slain by a gnoll

Vanquished Creatures
  A gnoll bouda (D:3)
  4 adders
  2 worms
  A dart slug (D:2)
  2 orcs (D:3)
  6 ball pythons
  2 endoplasms
  5 giant cockroaches
  4 goblins
  7 hobgoblins
  5 jackals
  4 kobolds
  11 bats
  4 frilled lizards
  4 rats (D:1)
62 creatures vanquished.

Vanquished Creatures (others)
  A quokka (D:3)
1 creature vanquished.

Grand Total: 63 creatures vanquished

Table legend:
 A = Non-vault XP
 B = Vault XP
 C = Vault XP percentage of total XP
 D = Non-vault monster count
 E = Vault monster count
 F = Vault count percentage of total count
                 A         B        C        D         E       F
            +---------+---------+-------+---------+---------+-------
      Total |     159 |      36 |  18.5 |      52 |      10 |  16.1
            +---------+---------+-------+---------+---------+-------
        D:1 |      48 |       0 |   0.0 |      30 |       0 |   0.0
        D:2 |      53 |      14 |  20.9 |      17 |       6 |  26.1
        D:3 |      58 |      22 |  27.5 |       5 |       4 |  44.4
            +---------+---------+-------+---------+---------+-------

Illustrated notes

Table legend:
 A = Kills in this place as a percentage of kills in entire the game.
 B = Kills by you in this place as a percentage of kills by you in the entire game.
 C = Kills by friends in this place as a percentage of kills by friends in the entire game.
 D = Other kills in this place as a percentage of other kills in the entire game.
 E = Experience gained in this place as a percentage of experience gained in the entire game.
 F = Experience gained in this place divided by the number of levels of this place that you have seen.
                   A       B       C       D       E      F
               +-------+-------+-------+-------+-------+----------------------
         Total | 100.0 | 100.0 |   N/A |   N/A | 100.0 |  65.0
       Dungeon | 100.0 | 100.0 |   N/A |   N/A | 100.0 |  65.0
               +-------+-------+-------+-------+-------+----------------------

Table legend: (Time is in decaauts)
 A = Elapsed time spent in this place.
 B = Non-inter-level travel time spent in this place.
 C = Inter-level travel time spent in this place.
 D = Time resting spent in this place.
 E = Time spent auto-exploring this place.
 F = Levels seen in this place.
 G = Mean time per level.
                   A        B        C        D        E       F      G
               +--------+--------+--------+--------+--------+-----+--------+
         Total |   1788 |   1743 |     45 |      0 |   1396 |   3 |  596.0 |
       Dungeon |   1788 |   1743 |     45 |      0 |   1396 |   3 |  596.0 |
               +--------+--------+--------+--------+--------+-----+--------+

Top non-repeatable levels by time:
     D:1: 833 daAuts
     D:2: 796 daAuts
     D:3: 159 daAuts
